NWL (28 & UNDER)
CULVER CITY EXTRAS @ SAN DIEGO SMASHERS
09/10/2027
 
TOP OF THE 1ST
Culver City Extras batting - Pitching for San Diego Smashers : RHP Manuel González
Pitching: RHP Manuel González
Batting: RHB Augusto Trevino 0-0: Ball
1-0: Ball
2-0: Called Strike
2-1: Ball
3-1: Swinging Strike
3-2: Strikes out looking
Batting: RHB Horace Johnson 0-0: Ball
1-0: SINGLE (Line Drive, 34)
Batting: RHB Ramón Molina 0-0: Called Strike
0-1: Ball
1-1: Swinging Strike
1-2: Ball
2-2: Ball
3-2: SINGLE (Line Drive, 3)
Horace Johnson to second
Batting: LHB Randy Wiggins 0-0: Foul Ball, location: 2F
0-1: Ball
1-1: Called Strike
1-2: Ball
2-2: Grounds into double play, 4-6-3 (Groundball, 4M)
Top of the 1st over - 0 run(s), 2 hit(s), 0 error(s), 1 left on base; Culver City 0 - San Diego 0
BOTTOM OF THE 1ST
San Diego Smashers batting - Pitching for Culver City Extras : LHP Phil Paul
Pitching: LHP Phil Paul
Batting: LHB Michael Myers 0-0: Ball
1-0: Ball
2-0: Foul Ball, location: 2F
2-1: Ball
3-1: Swinging Strike
3-2: Strikes out swinging
Batting: LHB Joe Baker 0-0: Called Strike
0-1: Foul Ball, location: 2F
0-2: Strikes out looking
Batting: RHB Marty Hendrickson 0-0: Called Strike
0-1: Foul Ball, location: 2F
0-2: Ball
1-2: Ball
2-2: DOUBLE (Line Drive, 78XD)
Batting: RHB Ricardo Guzmán 0-0: Ball
1-0: Ball
2-0: Ball
3-0: Base on Balls
Batting: RHB Larry Turner 0-0: Ball
1-0: Ball
2-0: Ball
3-0: Base on Balls
Marty Hendrickson to third
Ricardo Guzmán to second
Batting: SHB Michael Aisher 0-0: Foul Ball, location: 2F
0-1: Ball
1-1: Ball
2-1: Ball
3-1: Foul Ball, location: 2F
3-2: Foul Ball, location: 2F
3-2: Base on Balls
Marty Hendrickson scores
Ricardo Guzmán to third
Larry Turner to second
Batting: LHB Jaime Icaza 0-0: Foul Ball, location: 2F
0-1: Foul Ball, location: 2F
0-2: Ball
1-2: Ball
2-2: Fly out, F9 (Flyball, 9LS)
Bottom of the 1st over - 1 run(s), 1 hit(s), 0 error(s), 3 left on base; Culver City 0 - San Diego 1
TOP OF THE 2ND
Culver City Extras batting - Pitching for San Diego Smashers : RHP Manuel González
Batting: RHB Cooper Richard 0-0: Ball
1-0: Foul Ball, location: 2F
1-1: SINGLE (Groundball, 5D)
Batting: LHB Richard Bell 0-0: Called Strike
0-1: Fly out, F8 (Flyball, 78D)
Batting: RHB Max Alexander 0-0: Foul Ball, location: 2F
0-1: Ball
1-1: Ball
2-1: Called Strike
2-2: Foul Ball, location: 2F
2-2: Ball
3-2: Base on Balls
Cooper Richard to second
Batting: RHB Bob Magee 0-0: Ball
1-0: Ball
2-0: Ball
3-0: Called Strike
3-1: Swinging Strike
3-2: SINGLE (Groundball, 56) (infield hit)
Cooper Richard to third
Max Alexander to second
Batting: RHB Pancho Reyna 0-0: Ball
1-0: Ball
2-0: Called Strike
2-1: Foul Ball, location: 2F
2-2: Foul Ball, location: 2F
2-2: Foul Ball, location: 2F
2-2: Ball
3-2: Fly out, F8 (Line Drive, 8LM)
Runner from 3rd tags up, SCORES, no throw
Batting: RHB Augusto Trevino 0-0: Ball
1-0: Ball
2-0: Foul Ball, location: 2F
2-1: Ball
3-1: Fly out, F7 (Flyball, 7)
Top of the 2nd over - 1 run(s), 2 hit(s), 0 error(s), 2 left on base; Culver City 1 - San Diego 1
BOTTOM OF THE 2ND
San Diego Smashers batting - Pitching for Culver City Extras : LHP Phil Paul
Batting: RHB Manny Torrez 0-0: Ball
1-0: Ball
2-0: SINGLE (Groundball, 34D)
Batting: RHB John Bryant 0-0: Ball
1-0: Ball
Manny Torrez is caught stealing 2nd base
2-0: Foul Ball, location: 2F
2-1: Swinging Strike
2-2: Ball
3-2: Fly out, F5 (Line Drive, 5)
Batting: LHB Michael Myers 0-0: Foul Ball, location: 2F
0-1: Ball
1-1: Foul Ball, location: 2F
1-2: Foul Ball, location: 2F
1-2: SINGLE (Line Drive, 8LS)
Batting: LHB Joe Baker 0-0: Swinging Strike
0-1: Ball
Michael Myers steals 2nd base
1-1: Ball
2-1: Ball
3-1: Foul Ball, location: 2F
3-2: Foul Ball, location: 2F
3-2: Base on Balls
Batting: RHB Marty Hendrickson 0-0: Ball
1-0: Called Strike
1-1: Foul Ball, location: 2F
1-2: Foul Ball, location: 2F
1-2: Ball
2-2: Reached on error, E7 (Flyball, 7D)
Michael Myers scores
Joe Baker to third
Batting: RHB Ricardo Guzmán 0-0: Called Strike
0-1: Called Strike
0-2: Ball
1-2: Strikes out swinging
Bottom of the 2nd over - 1 run(s), 2 hit(s), 1 error(s), 2 left on base; Culver City 1 - San Diego 2
TOP OF THE 3RD
Culver City Extras batting - Pitching for San Diego Smashers : RHP Manuel González
Batting: RHB Horace Johnson 0-0: Ball
1-0: Ball
2-0: Called Strike
2-1: Bunt missed!
2-2: Fly out, F8 (Flyball, 89M)
Batting: RHB Ramón Molina 0-0: Called Strike
0-1: Swinging Strike
0-2: Ball
1-2: Foul Ball, location: 2F
1-2: Ball
2-2: Foul Ball, location: 2F
2-2: Foul Ball, location: 2F
2-2: Ball
3-2: SINGLE (Groundball, 4MD)
Batting: LHB Randy Wiggins 0-0: Called Strike
0-1: Ball
1-1: Foul Ball, location: 2F
1-2: SINGLE (Groundball, 6MD)
Ramón Molina to second
Batting: RHB Cooper Richard 0-0: Called Strike
0-1: Foul Ball, location: 2F
0-2: Ball
1-2: Strikes out swinging
Batting: LHB Richard Bell 0-0: Called Strike
0-1: Ball
1-1: Called Strike
1-2: Strikes out looking
Top of the 3rd over - 0 run(s), 2 hit(s), 0 error(s), 2 left on base; Culver City 1 - San Diego 2
BOTTOM OF THE 3RD
San Diego Smashers batting - Pitching for Culver City Extras : LHP Phil Paul
Batting: RHB Larry Turner 0-0: Ball
1-0: Foul Ball, location: 2F
1-1: Ball
2-1: Ground out 4-3 (Groundball, 4MD)
Batting: SHB Michael Aisher 0-0: Ground out 6-3 (Groundball, 6)
Batting: LHB Jaime Icaza 0-0: Ball
1-0: Ground out 4-3 (Groundball, 4)
Bottom of the 3rd over - 0 run(s), 0 hit(s), 0 error(s), 0 left on base; Culver City 1 - San Diego 2
TOP OF THE 4TH
Culver City Extras batting - Pitching for San Diego Smashers : RHP Manuel González
Batting: RHB Max Alexander 0-0: Ball
1-0: Ball
2-0: Foul Ball, location: 2F
2-1: Called Strike
2-2: Reached on error, E6 (Groundball, 6)
Pitching: LHP Geoff Williams
Batting: RHB Bob Magee 0-0: Ball
1-0: Ball
2-0: Foul Ball, location: 2F
2-1: Foul Ball, location: 2F
2-2: 2-RUN HOME RUN (Line Drive, 7LD), Distance : 350 ft
Batting: RHB Pancho Reyna 0-0: Fly out, F7 (Flyball, 7D)
Batting: RHB Augusto Trevino 0-0: Ball
1-0: Ball
2-0: Ball
3-0: Base on Balls
Batting: RHB Horace Johnson 0-0: Ball
1-0: Ground out 4-3 (Groundball, 4S)
Augusto Trevino to second
Batting: RHB Ramón Molina 0-0: Ball
1-0: Swinging Strike
1-1: Called Strike
1-2: Strikes out swinging
Top of the 4th over - 2 run(s), 1 hit(s), 1 error(s), 1 left on base; Culver City 3 - San Diego 2
BOTTOM OF THE 4TH
San Diego Smashers batting - Pitching for Culver City Extras : LHP Phil Paul
Batting: RHB Manny Torrez 0-0: Foul Ball, location: 2F
0-1: Bunt for hit - play at first, batter OUT! 1-3
Batting: RHB John Bryant 0-0: Foul Ball, location: 2F
0-1: Ball
1-1: Swinging Strike
1-2: Ball
2-2: Ball
3-2: Foul Ball, location: 2F
3-2: Base on Balls
Batting: LHB Michael Myers 0-0: Called Strike
0-1: Swinging Strike
0-2: Fly out, F3 (Popup, 3L)
Batting: LHB Joe Baker 0-0: Foul Ball, location: 2F
0-1: Ball
1-1: Foul Ball, location: 2F
1-2: Ball
2-2: Foul Ball, location: 2F
2-2: Foul Ball, location: 2F
2-2: Ball
3-2: Base on Balls
John Bryant to second
Batting: RHB Marty Hendrickson 0-0: Called Strike
0-1: Foul Ball, location: 2F
0-2: SINGLE (Flyball, 8RS)
John Bryant to third
Joe Baker to second
Runner from 3rd tries for Home, SAFE, throw made home
Joe Baker to third
Marty Hendrickson to second
Pitching: LHP Jesús Morán
Batting: RHB Ricardo Guzmán 0-0: Ball
1-0: Ground out 6-3 (Groundball, 6)
Bottom of the 4th over - 1 run(s), 1 hit(s), 0 error(s), 2 left on base; Culver City 3 - San Diego 3
TOP OF THE 5TH
Culver City Extras batting - Pitching for San Diego Smashers : LHP Geoff Williams
Batting: LHB Randy Wiggins 0-0: Ball
1-0: Ball
2-0: Ball
3-0: Base on Balls
Batting: RHB Cooper Richard 0-0: Called Strike
0-1: Foul Ball, location: 2F
0-2: Ball
1-2: Fly out, F8 (Flyball, 8LS)
Batting: LHB Richard Bell 0-0: Called Strike
0-1: Foul Ball, location: 2F
0-2: Ball
1-2: Ball
2-2: Ball
Randy Wiggins is caught stealing 2nd base
3-2: Foul Ball, location: 2F
3-2: Base on Balls
Batting: RHB Max Alexander 0-0: Ball
1-0: Ball
2-0: Foul Ball, location: 2F
2-1: Foul Ball, location: 2F
2-2: Ball
3-2: SINGLE (Groundball, 6MD)
Richard Bell to second
Richard Bell to third
Batting: RHB Bob Magee 0-0: Foul Ball, location: 2F
0-1: SINGLE (Line Drive, 89S)
Richard Bell scores
Max Alexander to second
Pitching: LHP Nesto Pérez
Batting: RHB Pancho Reyna 0-0: Ball
1-0: Swinging Strike
1-1: Swinging Strike
1-2: Ball
2-2: Ball
3-2: Foul Ball, location: 2F
3-2: Base on Balls
Max Alexander to third
Bob Magee to second
Batting: RHB Augusto Trevino 0-0: Called Strike
0-1: Called Strike
0-2: Strikes out swinging
Top of the 5th over - 1 run(s), 2 hit(s), 0 error(s), 3 left on base; Culver City 4 - San Diego 3
BOTTOM OF THE 5TH
San Diego Smashers batting - Pitching for Culver City Extras : LHP Jesús Morán
Batting: RHB Larry Turner 0-0: Ball
1-0: Ball
2-0: Called Strike
2-1: Called Strike
2-2: Ball
3-2: Foul Ball, location: 2F
3-2: Strikes out swinging
Batting: SHB Michael Aisher 0-0: Ball
1-0: Ball
2-0: Fly out, F4 (Line Drive, 4M)
Batting: LHB Jaime Icaza 0-0: Foul Ball, location: 2F
0-1: Called Strike
0-2: Foul Ball, location: 2F
0-2: Ball
1-2: Ball
2-2: Foul Ball, location: 2F
2-2: Foul Ball, location: 2F
2-2: DOUBLE (Line Drive, 9LM)
Batting: RHB Manny Torrez 0-0: Called Strike
0-1: Ball
1-1: Foul Ball, location: 2F
1-2: Fly out, F7 (Line Drive, 7)
Bottom of the 5th over - 0 run(s), 1 hit(s), 0 error(s), 1 left on base; Culver City 4 - San Diego 3
TOP OF THE 6TH
Culver City Extras batting - Pitching for San Diego Smashers : LHP Nesto Pérez
Batting: RHB Horace Johnson 0-0: Fly out, F8 (Flyball, 8LM)
Batting: RHB Ramón Molina 0-0: Called Strike
0-1: Ball
1-1: Called Strike
1-2: Foul Ball, location: 2F
1-2: Foul Ball, location: 2F
1-2: Foul Ball, location: 2F
1-2: SINGLE (Flyball, 89S)
Batting: LHB Randy Wiggins 0-0: Called Strike
0-1: Ball
1-1: Fielders Choice at 2nd, 6-4 (Groundball, 6)
Batting: RHB Cooper Richard 0-0: Called Strike
0-1: Ball
1-1: SINGLE (Groundball, 6MD)
Randy Wiggins to second
Runner from 2nd tries for 3rd, SAFE, throw made to third
Cooper Richard to second
Batting: LHB Richard Bell 0-0: Ground out 6-3 (Groundball, 6M)
Top of the 6th over - 0 run(s), 2 hit(s), 0 error(s), 2 left on base; Culver City 4 - San Diego 3
BOTTOM OF THE 6TH
San Diego Smashers batting - Pitching for Culver City Extras : LHP Jesús Morán
Batting: RHB John Bryant 0-0: Ball
1-0: SINGLE (Line Drive, 7S)
Batting: LHB Michael Myers 0-0: Called Strike
0-1: Ball
1-1: Ball
2-1: Foul Ball, location: 2F
2-2: Strikes out swinging
Batting: LHB Joe Baker 0-0: Called Strike
0-1: Ball
1-1: Ball
2-1: Swinging Strike
2-2: Ball
3-2: Base on Balls
John Bryant to second
Batting: RHB Marty Hendrickson 0-0: Called Strike
0-1: Ball
1-1: Ball
2-1: Ball
3-1: Grounds into double play, 6-4-3 (Groundball, 6D)
Bottom of the 6th over - 0 run(s), 1 hit(s), 0 error(s), 1 left on base; Culver City 4 - San Diego 3
TOP OF THE 7TH
Culver City Extras batting - Pitching for San Diego Smashers : LHP Nesto Pérez
Batting: RHB Max Alexander 0-0: Called Strike
0-1: Ball
1-1: Foul Ball, location: 2F
1-2: SINGLE (Groundball, 56D)
Batting: RHB Bob Magee 0-0: Ball
1-0: Called Strike
1-1: Swinging Strike
1-2: Ball
2-2: Ball
3-2: Strikes out swinging
Batting: RHB Pancho Reyna 0-0: Called Strike
0-1: Ball
1-1: DOUBLE (Flyball, 9D)
Max Alexander to third
Batting: RHB Augusto Trevino 0-0: Intentional Walk
Pinch Hitting: RHB Tony Cruz 0-0: Ball
1-0: Ball
2-0: Foul Ball, location: 2F
2-1: SINGLE (Groundball, 4MD)
Max Alexander scores
Pancho Reyna to third
Augusto Trevino to second
Pitching: RHP Joe Shoemaker
Batting: RHB Ramón Molina 0-0: Ball
1-0: Called Strike
1-1: Foul Ball, location: 2F
1-2: Strikes out swinging
Pitching: LHP Raymond Ritchie
Pinch Hitting: RHB Ben Alexander 0-0: Ball
1-0: Ball
2-0: Ball
3-0: Base on Balls
Pancho Reyna scores
Augusto Trevino to third
Tony Cruz to second
Batting: RHB Cooper Richard 0-0: Swinging Strike
0-1: Fly out, F8 (Flyball, 8LM)
Top of the 7th over - 2 run(s), 3 hit(s), 0 error(s), 3 left on base; Culver City 6 - San Diego 3
BOTTOM OF THE 7TH
San Diego Smashers batting - Pitching for Culver City Extras : LHP Jesús Morán
Now at SS: Dave Anderson
Now in LF: Daniel Santiago
Batting: RHB Ricardo Guzmán 0-0: Foul Ball, location: 2F
0-1: Ball
1-1: Ball
2-1: Swinging Strike
2-2: Strikes out swinging
Batting: RHB Larry Turner 0-0: Ball
1-0: Swinging Strike
1-1: Ball
2-1: Ball
3-1: SINGLE (Groundball, 56S) (infield hit)
Batting: SHB Michael Aisher 0-0: Fly out, F9 (Flyball, 89M)
Batting: LHB Jaime Icaza 0-0: Called Strike
0-1: Swinging Strike
0-2: Ball
1-2: Ball
2-2: Fly out, F4 (Popup, 34)
Bottom of the 7th over - 0 run(s), 1 hit(s), 0 error(s), 1 left on base; Culver City 6 - San Diego 3
TOP OF THE 8TH
Culver City Extras batting - Pitching for San Diego Smashers : LHP Raymond Ritchie
Pitching: LHP Jesús Martínez
Batting: LHB Richard Bell 0-0: Ball
1-0: Called Strike
1-1: Fly out, F3 (Popup, 3L)
Batting: RHB Max Alexander 0-0: Swinging Strike
0-1: Ball
1-1: Foul Ball, location: 2F
1-2: Strikes out swinging
Batting: RHB Bob Magee 0-0: SOLO HOME RUN (Flyball, 7D), Distance : 355 ft
Batting: RHB Pancho Reyna 0-0: Ball
1-0: Foul Ball, location: 2F
1-1: Foul Ball, location: 2F
1-2: Ball
2-2: Strikes out swinging
Top of the 8th over - 1 run(s), 1 hit(s), 0 error(s), 0 left on base; Culver City 7 - San Diego 3
BOTTOM OF THE 8TH
San Diego Smashers batting - Pitching for Culver City Extras : LHP Jesús Morán
Pitching: RHP Juan Fonseca
Batting: RHB Manny Torrez 0-0: Called Strike
0-1: Ball
1-1: Called Strike
1-2: Strikes out swinging
Batting: RHB John Bryant 0-0: Ball
1-0: Swinging Strike
1-1: Swinging Strike
1-2: Foul Ball, location: 2F
1-2: SINGLE (Line Drive, 4D)
Batting: LHB Michael Myers 0-0: Grounds into double play, 4-6-3 (Groundball, 4)
Bottom of the 8th over - 0 run(s), 1 hit(s), 0 error(s), 0 left on base; Culver City 7 - San Diego 3
TOP OF THE 9TH
Culver City Extras batting - Pitching for San Diego Smashers : LHP Jesús Martínez
Pitching: LHP Brock Saunders
Batting: RHB Augusto Trevino 0-0: Called Strike
0-1: Foul Ball, location: 2F
0-2: Ball
1-2: Ball
2-2: Ball
3-2: Foul Ball, location: 2F
3-2: SINGLE (Line Drive, 3)
Batting: RHB Dave Anderson 0-0: Ball
1-0: Sac Bunt - play at first, batter OUT! 5-3
Augusto Trevino to second
Batting: RHB Ramón Molina 0-0: Intentional Walk
Batting: RHB Daniel Santiago 0-0: Ball
1-0: Foul Ball, location: 2F
1-1: Swinging Strike
1-2: Foul Ball, location: 2F
1-2: Fly out, F9 (Flyball, 9S)
Batting: RHB Cooper Richard 0-0: Ball
Wild Pitch!
Augusto Trevino to third
Ramón Molina to second
1-0: Ground out 5-3 (Groundball, 56)
Top of the 9th over - 0 run(s), 1 hit(s), 0 error(s), 2 left on base; Culver City 7 - San Diego 3
BOTTOM OF THE 9TH
San Diego Smashers batting - Pitching for Culver City Extras : RHP Juan Fonseca
Pitching: LHP Henry Brown
Batting: LHB Joe Baker 0-0: Called Strike
0-1: Called Strike
0-2: Ball
1-2: Strikes out swinging
Batting: RHB Marty Hendrickson 0-0: Called Strike
0-1: Foul Ball, location: 2F
0-2: Ball
1-2: Ball
2-2: Fly out, F8 (Flyball, 8LD)
Batting: RHB Ricardo Guzmán 0-0: Ground out 6-3 (Groundball, 6S)
Bottom of the 9th over - 0 run(s), 0 hit(s), 0 error(s), 0 left on base; Culver City 7 - San Diego 3
Thursday, March 30th, 2017 - OOTP Baseball 17.12 Build 75